 Dungeon Crawl Stone Soup version 0.21.1-1-g345015f (webtiles) character file.

353 Mirai the Sneak (level 6, -13/32 HPs)
             Began as a Kobold Enchanter on Apr 29, 2018.
             Mangled by a two-headed ogre
             ... wielding a +0 giant spiked club
              (21 damage)
             ... on level 4 of the Dungeon.
             The game lasted 00:08:52 (3291 turns).

Mirai the Sneak (Kobold Enchanter)                  Turns: 3291, Time: 00:08:57

Health: -13/32     AC:  8    Str:  9    XL:     6   Next: 94%
Magic:  4/11       EV: 17    Int: 16    God:
Gold:   160        SH:  0    Dex: 17    Spells: 2/11 levels left

rFire    + . .     SeeInvis .   F - +1 dagger (speed)
rCold    . . .     Gourm    .   (shield restricted)
rNeg     . . .     Faith    .   b - +0 robe
rPois    .         Spirit   .   (no helmet)
rElec    .         Reflect  .   l - +1 cloak
rCorr    .         Harm     .   h - +0 pair of gloves
MR       .....                  i - +2 pair of boots
Stlth    +++.......             C - amulet of regeneration
HPRegen  0.50/turn              n - ring of protection from fire
MPRegen  0.12/turn              m - +3 ring of strength

@: no status effects
A: small, carnivore
a: no special abilities


You were on level 4 of the Dungeon.
You were completely stuffed.

You visited 1 branch of the dungeon, and saw 4 of its levels.
You also visited: Sewer.

You collected 160 gold pieces.

Inventory:

Hand Weapons
 F - a +1 dagger of speed (weapon)
Armour
 b - a +0 robe (worn)
 f - a +0 pair of boots
 h - a +0 pair of gloves (worn)
 i - a +2 pair of boots (worn)
 l - a +1 cloak (worn)
Jewellery
 m - a +3 ring of strength (right hand)
 n - a ring of protection from fire (left hand)
 z - an uncursed ring of protection from magic {unknown}
 A - an uncursed amulet of the gourmand
 C - an amulet of regeneration (around neck)
Scrolls
 e - 3 scrolls of remove curse
 g - a scroll of immolation
 j - 8 scrolls of teleportation
 o - a scroll of fear
 q - a scroll of magic mapping
 u - a scroll of fog {unknown}
 v - a scroll of blinking {unknown}
 y - 2 scrolls of identify {unknown}
 E - a scroll of random uselessness {unknown}
Potions
 p - a potion of invisibility {unknown}
 s - a potion of might {unknown}
 t - a potion of heal wounds
 w - a potion of brilliance {unknown}
 x - a potion of magic {unknown}
 B - a potion of flight {unknown}
Books
 c - a book of Maledictions

   Spells                             Type                      Level
   a - Corona                         Hexes                        1
   b - Ensorcelled Hibernation        Hexes/Ice                    2
   c - Confuse                        Hexes                        3
   d - Tukima's Dance                 Hexes                        3
   e - Dazzling Spray                 Conjuration/Hexes            3
Comestibles
 a - 4 chunks of flesh
 d - 5 rations


   Skills:
 + Level 3.7 Short Blades
 + Level 4.0 Dodging
 + Level 5.6 Stealth
 + Level 3.4 Spellcasting
 + Level 4.0 Hexes
 + Level 1.7 Ice Magic


You had 2 spell levels left.
You knew the following spells:

 Your Spells              Type           Power        Failure   Level  Hunger
a - Corona                Hex            ###....      3%          1    None
b - Ensorcelled Hibernat  Hex/Ice        ##....       9%          2    ##.....
c - Confuse               Hex            ###.....     10%         3    ###....
d - Tukima's Dance        Hex            ###.....     10%         3    ###....


Dungeon Overview and Level Annotations

Branches:
Dungeon (4/15)
 Temple: D:4-7

Altars:
Qazlal
Sif Muna
Uskayaw
Zin
The Shining One


Innate Abilities, Weirdness & Mutations

You are small and have problems with some larger weapons.
You are carnivorous and can eat meat at any time.


Message History

There is a stone staircase leading down here.
The orc hits you but does no damage.
A quokka comes into view.
The orc misses you.
Your magical contamination has completely faded away.
The quokka misses you.
You closely miss the quokka. The quokka misses you.
Casting: Confuse
Confirm with . or Enter, or press ? or * to list all spells.
Aiming: Ensorcelled Hibernation
Press: ? - help, Shift-Dir - straight line, f - two-headed ogre
Aim: a two-headed ogre, wielding a giant spiked club and a giant club (chance to defeat MR: 26%)
The two-headed ogre resists with almost no effort.
The quokka bites you but does no damage.
The two-headed ogre hits you with a giant spiked club!!
Ouch! That really hurt!
* * * LOW HITPOINT WARNING * * *
The two-headed ogre hits you with a giant club!!
Ouch! That really hurt!
You die...

#############
#####...........###
#######....>o...........#
#........##o#########.#.####
#.#####.###O# #.#..... #.#
### #@# #.#..### #.# #r#
#.#O.... #.# #.# ..##o##.
#.# #.# #.##.# #.# #.#
##...o #.# ... ##... #.# #.#
####. ... #.. .


You could see a two-headed ogre, 2 orcs and a quokka.

Vanquished Creatures
  An ogre (D:4)
  A hound (D:4)
  3 gnolls
  7 adders
  6 river rats (Sewer)
  2 oozes
  An adder skeleton (D:4)
  2 worms
  4 leopard geckos
  4 bats
  15 giant cockroaches
  3 goblins
  4 hobgoblins
  A kobold (D:3)
  A quokka (D:3)
  4 ball pythons (Sewer)
  7 frilled lizards
  17 rats
83 creatures vanquished.

Notes
Turn   | Place    | Note
-------+----------+-------------------------------------------
     0 | D:1      | Mirai the Kobold Enchanter began the quest for the Orb.
     0 | D:1      | Reached XP level 1. HP: 10/10 MP: 3/3
   228 | D:1      | Reached XP level 2. HP: 8/15 MP: 5/5
   237 | D:1      | Learned a level 2 spell: Ensorcelled Hibernation
   908 | D:2      | Reached XP level 3. HP: 15/19 MP: 6/6
  1108 | D:2      | Reached XP level 4. HP: 14/24 MP: 6/8
  1137 | D:2      | Found a deep blue altar of Sif Muna.
  1712 | D:2      | Learned a level 3 spell: Confuse
  1772 | D:2      | Reached XP level 5. HP: 27/28 MP: 9/9
  2044 | D:3      | Reached skill level 5 in Stealth
  2078 | D:3      | Found a glowing drain.
  2085 | Sewer    | Entered a sewer
  2323 | Sewer    | Reached skill level 1 in Ice Magic
  2344 | Sewer    | Reached XP level 6. HP: 26/32 MP: 7/10
  2616 | D:3      | Learned a level 3 spell: Tukima's Dance
  2755 | D:3      | Found a hide-covered altar of Uskayaw.
  3050 | D:3      | Found a glowing golden altar of the Shining One.
  3127 | D:3      | Found a glowing silver altar of Zin.
  3130 | D:3      | Found a stormy altar of Qazlal.
  3210 | D:4      | Noticed an ogre
  3218 | D:4      | Killed an ogre
  3264 | D:4      | Noticed a two-headed ogre
  3291 | D:4      | Mangled by a two-headed ogre

Skill      XL: |  1  2  3  4  5  6 |
---------------+-------------------+-----
Short Blades   | 2 3 |  3.7
Dodging        | 3 4 |  4.0
Spellcasting   | 3 |  3.4
Stealth        | 5 |  5.6
Ice Magic      | 1 |  1.7
Hexes          | 4 |  4.0

Action                   |  1- 3 |  4- 6 || total
-------------------------+-------+-------++-------
Melee: Dagger            |   131 |   191 ||   322
 Cast: Ensorcelled Hiber |     4 |    20 ||    24
       Confuse           |       |     1 ||     1
  Use: Potion            |     3 |       ||     3
       Scroll            |       |     8 ||     8
 Stab: Sleeping          |     8 |    24 ||    32
       Distracted        |       |     1 ||     1
       Confused          |       |     1 ||     1
  Eat: Chunk             |     9 |     9 ||    18
Armor: Robe              |    33 |    48 ||    81
Dodge: Dodged            |   155 |   159 ||   314
